 Dungeon Crawl Stone Soup version 0.25-a0-780-g622e69b31f (webtiles) character file.

Game seed: 7527933637003691907, levelgen mode: deterministic

277 Hasart the Chiller (level 6, -1/32 HPs)
             Began as a Deep Elf Ice Elementalist on Apr 13, 2020.
             Was an Initiate of Vehumet.
             Slain by a wight
             ... wielding a +0 short sword
              (3 damage)
             ... on level 3 of the Dungeon on Apr 14, 2020.
             The game lasted 00:09:47 (4333 turns).

Hasart the Chiller (Deep Elf Ice Elementalist)      Turns: 4333, Time: 00:09:48

Health: -1/32      AC:  3    Str:  5    XL:     6   Next: 4%
Magic:  3/15       EV: 13    Int: 22    God:    Vehumet [......]
Gold:   267        SH:  3    Dex: 15    Spells: 6/14 levels left

rFire    . . .     SeeInvis .   b - +2 whip (flame)
rCold    . . .     Gourm    .   r - +0 buckler {reflect}
rNeg     . . .     Faith    .   a - +0 robe
rPois    .         Spirit   .   (no helmet)
rElec    .         Reflect  +   (no cloak)
rCorr    .         Harm     .   o - +0 pair of gloves
MR       .....                  (no boots)
Stlth    ++........             (no amulet)
HPRegen  0.10/turn              (no ring)
MPRegen  0.14/turn              (no ring)

@: very slightly contaminated, drained
A: no striking features
a: Renounce Religion


You were on level 3 of the Dungeon.
You worshipped Vehumet.
Vehumet was noncommittal.
You were not hungry.

You visited 2 branches of the dungeon, and saw 5 of its levels.

You collected 267 gold pieces.

Inventory:

Hand Weapons
 b - a +2 whip of flaming (weapon)
Armour
 a - a +0 robe (worn)
 o - a +0 pair of gloves (worn)
 r - a +0 buckler of reflection (worn)
Wands
 p - a wand of random effects (13)
Scrolls
 f - 8 scrolls of teleportation {unknown}
 g - 2 scrolls of amnesia
 h - 2 scrolls of blinking
 j - 3 scrolls of random uselessness {unknown}
 k - 4 scrolls of remove curse
 l - a scroll of fog {unknown}
 m - a scroll of immolation {unknown}
 s - 3 scrolls of identify {unknown}
 v - a scroll of fear {unknown}
 x - a scroll of enchant armour {unknown}
Potions
 e - 2 potions of brilliance {unknown}
 i - a potion of might {unknown}
 n - 2 potions of flight {unknown}
 t - a potion of heal wounds {unknown}
 u - a potion of ambrosia {unknown}
 w - a potion of berserk rage {unknown}
Comestibles
 c - 6 rations


   Skills:
 + Level 4.2(3.3) Dodging
 - Level 2.4(1.6) Stealth
 + Level 0.9(0.1) Shields
 + Level 4.8(3.9) Spellcasting
 * Level 6.4(5.5) Ice Magic


You had 6 spell levels left.
You knew the following spells:

 Your Spells              Type           Power        Failure   Level  Hunger
a - Freeze                Ice            ####         1%          1    None
b - Frozen Ramparts       Ice            ####..       5%          3    ###....
c - Summon Ice Beast      Ice/Summ       ###.....     50%         4    ####...

Your spell library contained the following spells:

 Spells                   Type           Power        Failure   Level  Hunger
 Ozocubu's Armour         Chrm/Ice       ###.....     17%         3    ###....
 Hailstorm                Conj/Ice       ###.....     50%         4    ####...


Dungeon Overview and Level Annotations

Branches:
Dungeon (4/15)             Temple (1/1) D:4

Altars:
Dithmenos
Elyvilon
Fedhas
Hepliaklqana
Kikubaaqudgha
Makhleb
Okawaru
Qazlal
Ru
Sif Muna
Trog
Vehumet
Zin


Message History

Here: a nameless horror (durably summoned)
The floor.
You hit the nameless horror but do no damage.
The wight barely misses you.
The nameless horror hits you but does no damage.
You hit the nameless horror. You burn the nameless horror.
The nameless horror is lightly damaged.
The wight misses you. The nameless horror hits you.
* * * LOW HITPOINT WARNING * * *
You feel your power leaking away.
You hit the nameless horror but do no damage.
The nameless horror is lightly damaged.
The wight completely misses you. The nameless horror barely misses you.
You hit the nameless horror but do no damage.
The nameless horror is lightly damaged.
The wight hits you but does no damage. The nameless horror closely misses you.
You barely miss the nameless horror.
The nameless horror is lightly damaged.
The wight hits you with a +0 short sword.
You die...

## #..#.#
#......##.#..[#.
.#####.#.#
#......#..#####.
...#.._.(#
##...[........(..
##...#.#.##
##.<.#.###........
##.......######..###)#
########.
#..###......##.## #.#
## #รท## #########.#
#z# # ##.# #z# #.#
#..# #@# #.# ##.## #X#
#.# ...# #.# #.# .###
##.# #.# ..## ####..#
#.# ...# ##....## #.#
.#.## #..#### #.##
.#..## #.## #..##
.##..## ### ##..######


You could see a nameless horror and a wight.

Vanquished Creatures
  A crimson imp (D:2)
  An orc wizard (D:4)
  4 gnolls (D:3)
  4 adders (D:2)
  An adder skeleton (D:3)
  2 worms
  2 dart slugs (D:1)
  8 leopard geckos
  17 orcs
  A ball python (D:4)
  3 giant cockroaches
  10 goblins
  8 hobgoblins
  13 jackals
  7 kobolds
  7 bats
  4 frilled lizards
  8 rats
101 creatures vanquished.

Notes
Turn   | Place    | Note
-------+----------+-------------------------------------------
     0 | D:1      | Hasart the Deep Elf Ice Elementalist began the quest for
                  | the Orb.
     0 | D:1      | Reached XP level 1. HP: 10/10 MP: 6/6
     0 | D:1      | Upgraded the game from 0.25-a0-766-g0ecfff5982 to
                  | 0.25-a0-780-g622e69b31f
   144 | D:1      | Reached XP level 2. HP: 15/15 MP: 5/8
  1003 | D:2      | Reached skill level 5 in Ice Magic
  1003 | D:2      | Reached XP level 3. HP: 16/19 MP: 7/10
  1114 | D:2      | Reached XP level 4. HP: 15/24 MP: 8/11
  1521 | D:2      | Learned a level 3 spell: Frozen Ramparts
  2197 | D:3      | Reached XP level 5. HP: 19/28 MP: 8/13
  2563 | D:3      | Found a shadowy altar of Dithmenos.
  2751 | D:3      | Reached skill level 6 in Ice Magic
  3721 | D:4      | Found a staircase to the Ecumenical Temple.
  3760 | Temple   | Entered the Ecumenical Temple
  3816 | Temple   | Became a worshipper of Vehumet
  3854 | D:4      | Reached XP level 6. HP: 32/32 MP: 10/15
  4320 | D:2      | Learned a level 4 spell: Summon Ice Beast
  4327 | D:3      | Noticed a nameless horror
  4330 | D:3      | HP: 1/32 [nameless horror[miscasting Summon Ice Beast] (6)]
  4333 | D:3      | Slain by a wight

Levels and vault maps discovered:
D:1:      lemuel_arrival_funnel, layout_basic, minmay_misc_feat_encased
D:2:      layout_basic
D:3:      kennysheep_six_static_rooms, layout_rooms, lemuel_crystal_altar,
          minmay_vboxes
D:4:      layout_gridville, old_standard_altar, minmay_temple_entry_nine_rooms,
          serial_shops, nicolae_shop_temple_entry_statues_fountains,
          first_ration, minmay_misc_feat_alley
Temple:   eino_temple_scatter_basement

Skill      XL: |  1  2  3  4  5 |
---------------+----------------+-----
Dodging        | 3 4 |  4.2
Ice Magic      | 5 6 |  6.4
Spellcasting   | 4 |  4.8
Stealth        | |  2.4
Shields        | |  0.9

Action                   |  1- 3 |  4- 6 || total
-------------------------+-------+-------++-------
Melee: Whip              |       |    44 ||    44
       Short sword       |       |     1 ||     1
 Cast: Freeze            |    29 |   116 ||   145
       Frozen Ramparts   |       |     7 ||     7
  Use: Scroll            |       |     3 ||     3
  Eat: Chunk             |       |     9 ||     9
       Ration            |       |     1 ||     1
Armor: Robe              |     4 |    25 ||    29
Dodge: Dodged            |    10 |    86 ||    96
Block: Buckler           |       |    15 ||    15

Table legend:
 A = Non-vault XP
 B = Vault XP
 C = Vault XP percentage of total XP
 D = Non-vault monster count
 E = Vault monster count
 F = Vault count percentage of total count
                 A         B        C        D         E       F
            +---------+---------+-------+---------+---------+-------
      Total |     370 |      27 |   6.8 |      91 |      10 |   9.9
            +---------+---------+-------+---------+---------+-------
        D:1 |      31 |       0 |   0.0 |      16 |       0 |   0.0
        D:2 |     160 |       0 |   0.0 |      34 |       0 |   0.0
        D:3 |     111 |      27 |  19.6 |      28 |      10 |  26.3
        D:4 |      68 |       0 |   0.0 |      13 |       0 |   0.0
            +---------+---------+-------+---------+---------+-------
